[Event "GrandPrix_29.05"]
[Site "Chess.com"]
[Date "2020.05.29"]
[Round "5"]
[White "Volodar_Murzin"]
[Black "szachuspl"]
[Result "1/2-1/2"]
[WhiteElo "2477"]
[BlackElo "2354"]
[TimeControl "600+2"]
[EndTime "11:35:18 PDT"]
[Termination "Game drawn by agreement"]

1. e4 c5 2. Nf3 e6 3. g3 b6 4. Bg2 Bb7 5. d3 d6 6. O-O Nd7 7. Re1 g6 8. Nc3 Bg7 9. Bf4 Ne5 10. Qd2 Ne7 11. Bh6 O-O 12. Rad1 N7c6 13. Ne2 Rc8 14. Bxg7 Kxg7 15. c3 Ba6 16. Nc1 Qf6 17. Qe3 Ng4 18.
Qe2 h5 19. h3 Nge5 20. Nxe5 dxe5 21. h4 Rcd8 22. Qe3 Rd6 23. Rd2 Rfd8 24. Red1 R8d7 25. Bf1 Qd8 26. Be2 Na5 27. b3 Nc6 28. Rf1 c4 29.
bxc4 Bxc4 30. Rb2 Ba6 31. Kg2 Na5 32. Rh1 Nb7 33. f4 exf4 34. gxf4 Nc5 35. d4 Na4 36. Rb4 Bxe2 37. Nxe2 b5 38. Rxb5 Nb6 39. Qg3 Qa8 40. Qf3 Nc4 41. e5 Qxf3+ 42. Kxf3 Ra6 43. Ra1 Ra3 44.
Ke4 Rc7 45. Kd3 Nb6 46. Rb3 Ra4 47. Rb4 Ra3 48. Rb3 Ra5 49. a3 Kf8 50. Rb4 Nd5 51.
Rb8+ Ke7 52. c4 Nb6 53. c5 Nd5 54. a4 Rc6 55. Rb5 Raa6 56. a5 Rc7 57. Ke4 Rd7 58. Rb8 Rc7 59. Rb3 Rd7 60. Ra4 Rc6 61. Nc3 Nxc3+ 62. Rxc3 Rb7 63. d5 exd5+ 64. Kxd5 Kd7 65. Rd4 Kc7 66. Kc4 Rb1 67. Rd6 Rf1 68. Rd4 a6 69.
Kd5 Rh1 70. Rb3 Rc1 71. Rc4 Rd1+ 72. Ke4 Re1+ 73. Kf3 Ra1 74. Rbc3 Rxa5 75. Ke4 Ra1 76. Kd5 Rd1+ 77. Rd4 Ra1 78. Rdd3 Ra4 79. Rd4 Ra5 80. f5 gxf5 81. Rf4 Ra1 82. Rxf5 Rd1+ 83. Kc4 Rd7 84.
Rcf3 Re6 85. Rxh5 Kc6 86. Rf6 Rd5 87. Rxf7 Rxc5+ 88. Kb4 Rcxe5 89. Rxe5 Rxe5 90. Ka4 1/2-1/2

[Event "GrandPrix_29.05"]
[Site "Chess.com"]
[Date "2020.05.29"]
[Round "5"]
[White "PlayChessSimple"]
[Black "Khvicha_Supatashvili"]
[Result "1/2-1/2"]
[WhiteElo "2251"]
[BlackElo "2167"]
[TimeControl "600+2"]
[EndTime "11:35:20 PDT"]
[Termination "Game drawn by repetition"]

1. e4 c5 2. Nf3 Nc6 3. c3 Nf6 4. e5 Nd5 5. Bc4 Nb6 6. Bb3 d5 7.
exd6 Qxd6 8. Na3 a6 9. O-O Bf5 10. d4 cxd4 11. Nxd4 Nxd4 12. cxd4 e6 13. Qf3 Be7 14.
Qxb7 O-O 15. Be3 Nd5 16. Nc4 Qd8 17. Ne5 Bd6 18. Bxd5 Rb8 19. Qxa6 exd5 20. Bf4 Rb6 21. Qa5 Bb8 22. Bg3 h5 23. Rac1 Bxe5 24. Bxe5 Rxb2 25.
Qa3 Qb6 26. Qg3 Qg6 27. a4 Bd3 28. Rfd1 Qxg3 29. hxg3 Bc4 30. Ra1 f6 31. Bc7 Re8 32. Re1 Rxe1+ 33. Rxe1 Ra2 34. a5 Kf7 35. Bb6 g5 36.
Bd8 Be2 37. a6 Bxa6 38. Re7+ Kg6 39. Re6 Bd3 40. Rxf6+ Kg7 41. Rd6 h4 42. gxh4 gxh4 43. Bxh4 Bc4 44. Kh2 Rd2 45. Bg3 Kf7 46. Be5 Rxf2 47.
Kg3 Rc2 48. Rf6+ Ke7 49. Kh3 Rc3+ 50. Kh4 Ra3 51. g4 Ra6 52. Rf4 Bd3 53. Kh5 Be4 54. g5 Ra2 55. Rf6 Rg2 56. Rb6 Rg1 57. Rb7+ Ke6 58.
Rb6+ Ke7 59. g6 Rh1+ 60. Kg5 Rg1+ 61. Kh6 Rh1+ 62. Kg7 Rg1 63. Rb7+ Ke6 64. Rb6+ Ke7 65. Bf6+ Ke8 66. Bh4 Rg4 67. Re6+ Kd7 68. Re7+ Kd6 69.
Bf6 Rxg6+ 70. Kf7 Rg2 71. Re6+ Kd7 72. Re7+ Kc6 73. Re6+ Kb5 74. Ke7 Kc4 75. Kd6 Ra2 76. Be5 Ra6+ 77. Ke7 Ra7+ 78. Kf6 Rh7 79. Re7 Rh6+ 80.
Kg5 Rh1 81. Rc7+ Kd3 82. Ra7 Rg1+ 83. Kf6 Rg6+ 84. Kf7 Rc6 85. Ra3+ Rc3 86. Rxc3+ Kxc3 87. Kf6 Kc4 88. Ke6 Kd3 89. Kf6 Kc4 90. Ke6 Kb5 91.
Kf6 Kc4 1/2-1/2

[Event "GrandPrix_29.05"]
[Site "Chess.com"]
[Date "2020.05.29"]
[Round "5"]
[White "jacky72"]
[Black "VerdeNotte"]
[Result "0-1"]
[WhiteElo "2383"]
[BlackElo "2686"]
[TimeControl "600+2"]
[EndTime "11:35:37 PDT"]
[Termination "VerdeNotte won by checkmate"]

1. d4 Nf6 2. c4 g6 3. Nc3 Bg7 4. e4 d6 5. Be2 O-O 6. Bg5 c5 7.
d5 b5 8. cxb5 a6 9. a4 Qa5 10. Bd2 axb5 11. Nxb5 Qb6 12. a5 Qd8 13. Qc2 e6 14. dxe6 Bxe6 15. Nf3 Nc6 16. O-O Nxa5 17.
Nxd6 Qxd6 18. Rxa5 Rxa5 19. Bxa5 Ng4 20. h3 Ne5 21. Rd1 Qb8 22. Qxc5 Qxb2 23. Qe3 Ra8 24. Nxe5 Bxe5 25. Bb6 Ra1 26. Rf1 Rb1 27. Bc5 h5 28. f4 Bc3 29. f5 Bd7 30. fxg6 fxg6 31. Qd3 Rxf1+ 32. Bxf1 Qd2 33. Qc4+ Kg7 34. Bf2 Be5 35.
Qc5 Qd6 36. Qe3 Qf6 37. Bc4 Be6 38. Bxe6 Qxe6 39. Qa7+ Qf7 40. Qc5 Qf4 41. Qa7+ Kg8 42. Qe3 Kf7 43. Qxf4+ Bxf4 44. Bd4 Ke6 45. Kf2 Bd6 46.
Ke3 Bg3 47. Bg7 Bb8 48. Kf3 Bc7 49. Bh6 Be5 50. Bf4 Bc3 51. Bc7 Bb4 52. Ke3 Be1 53. Kf4 Bd2+ 54. Kf3 Be1 55. Bb6 Bd2 56. Be3 Bc3 57.
Kf4 Kf6 58. Bb6 Be5+ 59. Kf3 Ke6 60. Ke3 Kd7 61. Bd4 Bc7 62. e5 Ke6 63. Ke4 Bd8 64.
Kf4 Be7 65. Bc3 Kd5 66. Bb2 Ke6 67. Ke4 Bc5 68. Bd4 Be7 69. Bb6 Bh4 70. Kf4 Be7 71.
Bc7 Kd5 72. Bd6 Bd8 73. Bf8 Ke6 74. Bh6 Be7 75. Bg5 Bb4 76. Bf6 Bd2+ 77. Ke4 Ba5 78. Ke3 Kd5 79. Kf3 Bc3 80. Kf4 Bd2+ 81. Kg3 Bc3 82. Kh4 Bd2 83. g3 Ke6 84. Bg5 Bc3 85. Bf4 Kf5 86. Bg5 Kxe5 87. g4 Be1# 0-1

[Event "GrandPrix_29.05"]
[Site "Chess.com"]
[Date "2020.05.29"]
[Round "5"]
[White "AbasovN"]
[Black "Supernotar"]
[Result "1-0"]
[WhiteElo "2321"]
[BlackElo "2115"]
[TimeControl "600+2"]
[EndTime "11:36:33 PDT"]
[Termination "AbasovN won by resignation"]

1. e4 c6 2. d4 d5 3. exd5 cxd5 4. Bd3 Nc6 5. c3 Qc7 6. Na3 a6 7. Ne2 Bg4 8. Nc2 Bh5 9. Bf4 Qxf4 10. Nxf4 Bxd1 11.
Rxd1 e6 12. b4 Nf6 13. a4 Bd6 14. Ne2 a5 15. Bb5 Ke7 16. Rb1 Rhc8 17. f3 Nd7 18. bxa5 Nxa5 19. Ne3 Nb6 20. Kd2 Ra7 21. g3 Nac4+ 22. Nxc4 Nxc4+ 23. Kd3 Nb6 24. Rb2 Rca8 25. Ra1 Nxa4 26. Bxa4 Rxa4 27. Rxb7+ Kf6 28. Rab1 R4a7 29. h4 Rxb7 30. Rxb7 h5 31. Rd7 Ra6 32. g4 hxg4 33.
fxg4 Bb8 34. Ng1 Ra1 35. Nf3 Bf4 36. h5 Rd1+ 37. Ke2 Rc1 38. Kd3 Rd1+ 39. Kc2 Rc1+ 40. Kb2 Rf1 41. g5+ Bxg5 42. Ne5 Kf5 43. Nxf7 Bf6 44.
h6 gxh6 45. Nxh6+ Kg6 46. Ng4 Rf4 47. Ne3 Rf3 48. Nc2 Kf5 49. Nb4 Rh3 50. Kc2 Bg5 51. Nd3 Rh2+ 52. Kb3 Rh3 53. Rf7+ Bf6 54. Ne5 Kg5 55.
Nc6 Kg6 56. Rd7 Rh7 57. Rd6 Rb7+ 58. Kc2 Kf7 59. Na5 Rc7 60. Nb3 Ke7 61. Ra6 e5 62.
Kd3 exd4 63. cxd4 Rb7 64. Nc5 Rb4 65. Ra7+ Ke8 66. Ne6 Rb6 67. Nc7+ Kd8 68. Nxd5 Rd6 69. Kc4 Rc6+ 70. Kb5 Re6 71. Kc5 Bh4 72. Nb4 Be7+ 73.
Kd5 Rd6+ 74. Ke5 Rh6 75. Nd5 Bd6+ 76. Ke4 Rh4+ 77. Kd3 Rh1 78. Nf6 Bf4 79. Ke4 Bd2 80. Kd5 Rh6 81. Ng4 Rg6 82. Ne5 Rb6 83. Nc6+ Ke8 84.
Kc5 Rb1 85. Re7+ Kf8 86. Re2 Be1 87. d5 Bg3 88. Nd4 Rc1+ 89. Kb6 Kf7 90. Nf5 Bc7+ 91. Kb7 Bf4 92. Nd4 Rd1 93. Re4 Be5 94. Rxe5 Rxd4 95. Kc7 Kf6 96. Re6+ Kf5 97. Kd6 Ra4 98. Re1 Ra6+ 99.
Kc5 Ra5+ 100. Kc6 Ra6+ 101. Kb5 Ra8 102. d6 Kf6 103. Kb6 Kf7 104. d7 Ra2 105. d8=Q Rb2+ 106. Kc5 Rc2+ 107. Kb4 Rb2+ 108. Kc3 Rb7 109. Qd5+ 1-0

[Event "GrandPrix_29.05"]
[Site "Chess.com"]
[Date "2020.05.29"]
[Round "6"]
[White "Korona_91"]
[Black "Cocolino12"]
[Result "1-0"]
[WhiteElo "2027"]
[BlackElo "2260"]
[TimeControl "600+2"]
[EndTime "11:45:17 PDT"]
[Termination "Korona_91 won by resignation"]

1. e4 c5 2. Nf3 e6 3. b3 Nf6 4. e5 Nd5 5. Bb2 Nc6 6. c4 Nde7 7. Bd3 Ng6 8. Bxg6 hxg6 9. Nc3 Be7 10. Ne4 O-O 11.
h4 d5 12. exd6 Bxd6 13. h5 gxh5 14. Nfg5 f6 15. Qxh5 fxg5 16. Nxg5 1-0

[Event "GrandPrix_29.05"]
[Site "Chess.com"]
[Date "2020.05.29"]
[Round "6"]
[White "vpantev"]
[Black "Infernal_XaM"]
[Result "1-0"]
[WhiteElo "2811"]
[BlackElo "2680"]
[TimeControl "600+2"]
[EndTime "11:46:49 PDT"]
[Termination "vpantev won by checkmate"]

1. d4 Nf6 2. Nf3 e6 3. Bf4 c5 4. c3 Nc6 5. e3 Nh5 6. Bg5 Qb6 7. Qb3 h6 8. Bh4 d5 9. Nbd2 g5 10. Bg3 g4 11. Ng1 Nxg3 12. hxg3 Bg7 13. Ne2 Bd7 14. Nf4 Qxb3 15. axb3 cxd4 16. exd4 Ke7 17. Be2 Rhg8 18. b4 f5 19. Nb3 Kd6 20. Nc5 Bc8 21. b5 Nd8 22. Nh5 Bh8 23. Nf4 Nf7 24. Kd2 e5 25.
dxe5+ Kxc5 26. b4+ Kb6 27. Nxd5# 1-0

[Event "GrandPrix_29.05"]
[Site "Chess.com"]
[Date "2020.05.29"]
[Round "6"]
[White "payto1"]
[Black "gummigisla"]
[Result "1-0"]
[WhiteElo "2146"]
[BlackElo "2024"]
[TimeControl "600+2"]
[EndTime "11:47:21 PDT"]
[Termination "payto1 won by resignation"]

1. d4 Nf6 2. Bg5 Ne4 3. h4 Nxg5 4. hxg5 c5 5. d5 g6 6. c4 Bg7 7. Nc3 d6 8. Qd2 a6 9. e4 Qa5 10. Nf3 Bd7 11. Be2 b5 12. O-O b4 13. Nd1 Qc7 14. Ne3 a5 15. Rae1 h6 16. gxh6 Bxh6 17. Bd1 a4 18. Bc2 e5 19. dxe6 Bxe6 20. Nd5 Qd8 21. Qd1 a3 22. bxa3 Rxa3 23. e5 dxe5 24. Nxe5 Qh4 25.
Nxg6 fxg6 26. Rxe6+ Kf8 27. Rf6+ 1-0

[Event "GrandPrix_29.05"]
[Site "Chess.com"]
[Date "2020.05.29"]
[Round "6"]
[White "Kobalia"]
[Black "Mugzyyy"]
[Result "1-0"]
[WhiteElo "2260"]
[BlackElo "2478"]
[TimeControl "600+2"]
[EndTime "11:47:54 PDT"]
[Termination "Kobalia won by resignation"]

1. e4 c5 2. Nf3 d6 3. Bb5+ Nd7 4.
O-O Nf6 5. Re1 a6 6. Bf1 b5 7. c4 bxc4 8. Bxc4 Bb7 9. Bxf7+ Kxf7 10. Qb3+ Bd5 11. exd5 h6 12. Nc3 Qb8 13. Qc4 Qb7 14.
Qe2 Nb6 15. d4 c4 16. Qe6+ Ke8 17. Qxd6 Nbxd5 18. Qg3 g5 19. Ne5 Rc8 20. Qf3 Bg7 21. Ng6 g4 22. Qf5 Rg8 23. Nxd5 Nxd5 24. Qe6 Rf8 25. Nxf8 Kxf8 26. Bxh6 1-0

[Event "GrandPrix_29.05"]
[Site "Chess.com"]
[Date "2020.05.29"]
[Round "6"]
[White "Arasvard"]
[Black "Yuri202062"]
[Result "1/2-1/2"]
[WhiteElo "2041"]
[BlackElo "1889"]
[TimeControl "600+2"]
[EndTime "11:48:12 PDT"]
[Termination "Game drawn by repetition"]

1. d4 d5 2. c4 e6 3. Nc3 c6 4.
Nf3 Nf6 5. Bg5 dxc4 6. e4 b5 7. e5 h6 8. Bh4 g5 9. Nxg5 hxg5 10. Bxg5 Nbd7 11. exf6 Bb7 12. g3 Qb6 13. Bg2 O-O-O 14.
O-O c5 15. d5 b4 16. Rb1 Qa6 17. dxe6 Bxg2 18. e7 Bxf1 19. Qd5 Bd3 20. Ne4 Bxe7 21. fxe7 Bxb1 22. Nd6+ Kc7 23. Bf4 Kb6 24. Nxc4+ Kb5 25.
Nd6+ Kb6 26. exd8=Q+ Rxd8 27. Nc4+ Kb5 28. Nd6+ Kb6 29.
Nc4+ Kb5 30. Nd6+ Kb6 1/2-1/2

[Event "GrandPrix_29.05"]
[Site "Chess.com"]
[Date "2020.05.29"]
[Round "6"]
[White "ly4o"]
[Black "haddinibilbaoo"]
[Result "0-1"]
[WhiteElo "2013"]
[BlackElo "2125"]
[TimeControl "600+2"]
[EndTime "11:48:28 PDT"]
[Termination "haddinibilbaoo won by resignation"]

1. d4 Nf6 2. c4 g6 3. Nc3 Bg7 4. e4 d6 5. Be2 O-O 6. Be3 c6 7. g4 Qa5 8. f3 b5 9. g5 Nfd7 10.
cxb5 cxb5 11. Qd2 b4 12. Nd5 Nc6 13. Rc1 Ndb8 14. a3 e6 15. axb4 Qd8 16. b5 Nxd4 17.
Bxd4 Bxd4 18. Qxd4 exd5 19. Qxd5 Qb6 20. Qxa8 Bb7 21.
Rc6 Nxc6 22. Qxf8+ Kxf8 23. bxc6 Bxc6 24. Nh3 Qxb2 25.
Kf2 a5 26. Nf4 a4 27. Nd3 Qd4+ 28. Kg3 a3 29. Nc1 Qb2 30. Bc4 Bd7 31. Nd3 Qd4 32. Rc1 a2 33. Bxa2 Qxd3 34. Rc7 Be6 35. Bxe6 fxe6 36.
Rxh7 Qe3 37. h4 d5 38. exd5 exd5 39. Rd7 d4 40. Rd5 d3 0-1

[Event "GrandPrix_29.05"]
[Site "Chess.com"]
[Date "2020.05.29"]
[Round "6"]
[White "RitvarsReimanis"]
[Black "SmirnovTimofey2000"]
[Result "0-1"]
[WhiteElo "2055"]
[BlackElo "2193"]
[TimeControl "600+2"]
[EndTime "11:48:47 PDT"]
[Termination "SmirnovTimofey2000 won by resignation"]

1. d4 d5 2. c4 c6 3. Nf3 Nf6 4. cxd5 cxd5 5. Nc3 Nc6 6. Bg5 Ne4 7. Bd2 Nxd2 8. Qxd2 Bf5 9. Nh4 Bg6 10. e3 e6 11.
Nxg6 hxg6 12. Bb5 Qb6 13. O-O-O Bb4 14. Bd3 Rc8 15. Kb1 Nxd4 16. exd4 Bxc3 17. Qe2 Ke7 18. Bb5 Bxd4 19. Ba4 Rhd8 20. Bb3 a5 21. h4 Qb4 22. Qg4 Bf6 23. Qxb4+ axb4 24. h5 gxh5 25. Rxh5 g6 26. Rh3 Rh8 27. Rf3 Be5 28. Re3 Kd6 29. g3 Rh2 30.
Rd2 Rg2 31. Bd1 Bg7 32. Re1 Bh6 33. Rc2 Rxc2 34. Kxc2 Rxf2+ 35. Kb3 f5 36. g4 Bf4 37. gxf5 gxf5 38. Be2 Bd2 0-1

[Event "GrandPrix_29.05"]
[Site "Chess.com"]
[Date "2020.05.29"]
[Round "6"]
[White "Lukianoo"]
[Black "AsadliVugar"]
[Result "1-0"]
[WhiteElo "2618"]
[BlackElo "2375"]
[TimeControl "600+2"]
[EndTime "11:49:05 PDT"]
[Termination "Lukianoo won by resignation"]

1. e4 g6 2. d4 Bg7 3. Nc3 d6 4. Be2 a6 5. a4 Nf6 6. g4 Nc6 7. g5 Nd7 8. Be3 e5 9. Nf3 exd4 10. Nxd4 O-O 11. h4 Re8 12. Qd2 Nc5 13. f3 f5 14.
gxf6 Qxf6 15. Nd5 Qf7 16. h5 g5 17. h6 Bxd4 18. Bxd4 Nxd4 19. Qxd4 Re5 20. f4 Ne6 21. Qc3 gxf4 22. O-O-O Bd7 23. Rdg1+ Kh8 24. Rh5 Rg8 25. Rxg8+ Kxg8 26. Rxe5 dxe5 27. Qxe5 Kf8 28. Bh5 1-0

[Event "GrandPrix_29.05"]
[Site "Chess.com"]
[Date "2020.05.29"]
[Round "6"]
[White "rusuvlad95"]
[Black "FCLitras"]
[Result "1-0"]
[WhiteElo "2099"]
[BlackElo "1776"]
[TimeControl "600+2"]
[EndTime "11:50:09 PDT"]
[Termination "rusuvlad95 won by resignation"]

1. e4 c6 2. d4 d5 3. exd5 cxd5 4. Bd3 Nc6 5. c3 Qc7 6. h3 Nf6 7. Nf3 g6 8. O-O Bf5 9. Ne5 Bxd3 10. Nxd3 Bg7 11. Re1 O-O 12. Bf4 Qc8 13. Nd2 Re8 14. Qf3 e6 15. Re2 Nd7 16. Rae1 b5 17.
Nb3 b4 18. Nxb4 Nxb4 19. cxb4 Qb7 20. a3 Qb5 21. Rc2 Nb6 22. Rc7 Nc4 23. Bh6 Rf8 24. Bxg7 Kxg7 25. Rxe6 Rac8 26. Qf6+ Kg8 27. Rxa7 Nxb2 28.
Nc5 Nd3 29. Ree7 Rc6 30. Rxf7 Re6 1-0

[Event "GrandPrix_29.05"]
[Site "Chess.com"]
[Date "2020.05.29"]
[Round "6"]
[White "Gabix_94"]
[Black "Tyoma88888"]
[Result "1-0"]
[WhiteElo "2433"]
[BlackElo "2184"]
[TimeControl "600+2"]
[EndTime "11:50:21 PDT"]
[Termination "Gabix_94 won by resignation"]

1. d4 d5 2. c4 e6 3. Nf3 Nf6 4. Nc3 c5 5. e3 cxd4 6. exd4 dxc4 7. Bxc4 Be7 8. O-O O-O 9. Re1 Nc6 10. a3 Qb6 11.
Be3 Ng4 12. d5 Nxe3 13. Rxe3 Na5 14. Ba2 Rd8 15. Qe2 Bc5 16. Na4 Bxe3 17. Nxb6 Bxb6 18.
b4 exd5 19. bxa5 Bxa5 20. Bxd5 Bg4 21. Bxf7+ Kh8 22. h3 Bxf3 23. Qxf3 Rf8 24. Qh5 Bb6 25. Rd1 Rac8 26. Bg6 Bxf2+ 27. Kh2 h6 28. Bb1 Rc6 29. Rf1 Rcf6 30. Rxf2 Rxf2 31. Qg6 Kg8 32. Qh7+ Kf7 33. Bg6+ Kf6 34. Bh5 Rf4 35. Qg6+ Ke5 36. Qxg7+ Ke4 37. Qxb7+ Ke3 38. Qxa7+ Kd2 39. Bf3 R8f6 40.
Qf2+ Kd3 41. a4 Kc3 42. Qc5+ Kd2 43. a5 R6f5 44. Qf2+ Kc3 45. Qe3+ Kb4 46. a6 1-0

[Event "GrandPrix_29.05"]
[Site "Chess.com"]
[Date "2020.05.29"]
[Round "6"]
[White "WoodlandMagic"]
[Black "AnotherGrumpy"]
[Result "1-0"]
[WhiteElo "2073"]
[BlackElo "1825"]
[TimeControl "600+2"]
[EndTime "11:50:41 PDT"]
[Termination "WoodlandMagic won by resignation"]

1. d4 d5 2. c4 c6 3. Nf3 Nf6 4. Qc2 dxc4 5. Qxc4 Bf5 6. g3 e6 7. Bg2 Be7 8. O-O O-O 9. e3 Nbd7 10. Qe2 h6 11. Rd1 Qc7 12. Nc3 Ne4 13. Nd2 Nxc3 14. bxc3 e5 15. e4 Bg6 16. Nc4 exd4 17. cxd4 Rfe8 18.
Bf4 Qc8 19. Rac1 Nb6 20. Ne5 Bh7 21. a4 Bf6 22. a5 Nd7 23. Nc4 Be7 24. d5 c5 25. e5 Bf8 26. h4 b5 27. axb6 axb6 28. e6 1-0

[Event "GrandPrix_29.05"]
[Site "Chess.com"]
[Date "2020.05.29"]
[Round "6"]
[White "Kostya_Nikologorskiy"]
[Black "Supernotar"]
[Result "1-0"]
[WhiteElo "2262"]
[BlackElo "2099"]
[TimeControl "600+2"]
[EndTime "11:50:43 PDT"]
[Termination "Kostya_Nikologorskiy won by checkmate"]

1. e4 c6 2. d4 d5 3. Nc3 dxe4 4.
Nxe4 Bf5 5. Ng3 Bg6 6. Bc4 e6 7.
h4 h6 8. N1e2 Nf6 9. Nf4 Bh7 10.
Qe2 Nd5 11. c3 Bd6 12. Nfh5 O-O 13. Qg4 Bg6 14. Bxd5 exd5 15. Nxg7 Qe7+ 16. Kd1 Bxg3 17. Nf5 Qf6 18. Nxh6+ Kh7 19. Qxg3 Bh5+ 20. f3 Na6 21. Qg5 Bxf3+ 22. gxf3 Qxf3+ 23. Kc2 Qxh1 24. Nf5 Qe4+ 25. Kb3 Nc5+ 26. Ka3 Ne6 27. Qh6+ Kg8 28. Ne7# 1-0

[Event "GrandPrix_29.05"]
[Site "Chess.com"]
[Date "2020.05.29"]
[Round "6"]
[White "Tokarev_Sergey"]
[Black "guylevin1"]
[Result "0-1"]
[WhiteElo "1996"]
[BlackElo "2096"]
[TimeControl "600+2"]
[EndTime "11:51:40 PDT"]
[Termination "guylevin1 won by resignation"]

1. c4 e5 2. Nc3 Bb4 3. g3 Bxc3 4. bxc3 Nf6 5. Bg2 d6 6. e3 O-O 7.
Ne2 c5 8. O-O Nc6 9. d4 Bd7 10.
Ba3 b6 11. dxc5 dxc5 12. Qd6 Rc8 13. Rad1 Na5 14. Bd5 Bg4 15. Qxd8 Rfxd8 16. f3 Be6 17. e4 Nxc4 18. Bxe6 fxe6 19. Bc1 Kf7 20. Bg5 h6 21.
Bxf6 gxf6 22. Kf2 Nb2 23. Rb1 Rd2 24. Ke3 Rcd8 25. f4 Nd1+ 26. Kf3 R8d3+ 27. Kg4 Ne3+ 0-1

[Event "GrandPrix_29.05"]
[Site "Chess.com"]
[Date "2020.05.29"]
[Round "6"]
[White "Kildepiotr"]
[Black "KuzubovYuriy"]
[Result "0-1"]
[WhiteElo "2228"]
[BlackElo "2465"]
[TimeControl "600+2"]
[EndTime "11:51:45 PDT"]
[Termination "KuzubovYuriy won by resignation"]

1. Nf3 d5 2. g3 Bg4 3. Bg2 Nd7 4. O-O c6 5. d3 Ngf6 6. Nbd2 e5 7. e4 Bd6 8. h3 Bh5 9. Qe1 O-O 10. Nh4 Re8 11.
Nf5 Bc7 12. g4 Bg6 13. Ng3 Nc5 14. Nb3 Ne6 15. Qe2 a5 16. a4 Bb6 17. g5 Nf4 18. Qf3 dxe4 19. dxe4 Nxe4 20. Bxf4 exf4 21. Qxf4 Nxg3 22.
Qxg3 Bxc2 23. h4 Re2 24. Bf3 Rxf2 25. Rxf2 Bxb3 26. Kg2 Bxf2 27. Qxf2 Bd5 28. Rd1 Bxf3+ 29. Qxf3 Qe7 30. Qd3 Re8 31. Kf2 h6 32. Rg1 Qc5+ 33.
Kg2 hxg5 34. h5 Qd5+ 35. Qxd5 cxd5 36. Kf3 f6 37. Rc1 d4 38. Rc7 Re3+ 39. Kg4 Rb3 40.
Kf5 Kh7 41. Rd7 Rxb2 42. Rxd4 Rf2+ 43. Ke6 Rf4 44. Rd7 Rxa4 45. Rxb7 g4 46. Kf5 g3 47.
Rb3 Rh4 48. Rxg3 Rxh5+ 49. Ke6 Rg5 0-1

[Event "GrandPrix_29.05"]
[Site "Chess.com"]
[Date "2020.05.29"]
[Round "6"]
[White "monalize"]
[Black "bratkoo"]
[Result "0-1"]
[WhiteElo "2002"]
[BlackElo "2200"]
[TimeControl "600+2"]
[EndTime "11:52:00 PDT"]
[Termination "bratkoo won by resignation"]

1. e4 e6 2. d4 d5 3. exd5 exd5 4. Bd3 Nc6 5. c3 Bd6 6. Qf3 Be6 7. Ne2 Qd7 8. h3 Nge7 9. Bf4 O-O 10. Bxd6 Qxd6 11. Nd2 a5 12. O-O a4 13. Rfe1 Na5 14. Ng3 Ng6 15. Nh5 Rae8 16. Nf1 Qb6 17. Re2 Nc4 18.
Rb1 Nd6 19. Ne3 Qa5 20. a3 Ne4 21. Rbe1 f5 22. Nc2 Qb6 23. Nb4 Qd6 24. Bc2 Bd7 25. Nd3 Bb5 26. Rd1 Ng5 27. Qg3 Rxe2 28. Qxg5 Rxc2 29.
Ne5 Qe7 30. Qg3 Nxe5 31. dxe5 f4 32. Qg4 Qxe5 33. Kh2 Be2 34. Re1 Bxg4 0-1

[Event "GrandPrix_29.05"]
[Site "Chess.com"]
[Date "2020.05.29"]
[Round "6"]
[White "igorkovalenko"]
[Black "SavelievAlexei"]
[Result "1-0"]
[WhiteElo "2219"]
[BlackElo "2247"]
[TimeControl "600+2"]
[EndTime "11:52:04 PDT"]
[Termination "igorkovalenko won by resignation"]

1. d4 Nf6 2. Nf3 e6 3. e3 b6 4. Bd3 Bb7 5. O-O c5 6. c4 d6 7. Nc3 Be7 8. d5 e5 9. e4 a6 10. a3 Nbd7 11. Rb1 Nf8 12. b4 N6d7 13. Qa4 Ng6 14. bxc5 dxc5 15. Qc2 O-O 16. a4 Rb8 17. Be3 a5 18. g3 Bd6 19. Kg2 Qe7 20. Rh1 Bc8 21.
h4 h6 22. h5 Nh8 23. Nh4 Nf6 24. Be2 Ng4 25. Bd2 g5 26. hxg6 fxg6 27. f3 Nf6 28.
Bxh6 Rf7 29. Bg5 Qd7 30. Rh2 Nh5 31. Nxg6 Nxg6 32. Rxh5 Be7 33. Rbh1 Bxg5 34. Rxg5 Rg7 35. Kf2 Qe7 36. Qd2 Bd7 37. Rh6 Qf6 38. Ke1 Rf8 39. Kd1 Kf7 40. Kc2 Ke8 41. Kb3 Rfg8 42. Rgh5 Qf7 43. Qg5 Ne7 44. Qxe5 Rxg3 45. Rxb6 1-0

[Event "GrandPrix_29.05"]
[Site "Chess.com"]
[Date "2020.05.29"]
[Round "6"]
[White "Mizner"]
[Black "Shota_Azaladze"]
[Result "0-1"]
[WhiteElo "2063"]
[BlackElo "2252"]
[TimeControl "600+2"]
[EndTime "11:52:05 PDT"]
[Termination "Shota_Azaladze won by resignation"]

1. d4 Nf6 2. c4 g6 3. g3 Bg7 4. Bg2 O-O 5. Nc3 c5 6. dxc5 Na6 7. Nh3 Nxc5 8. O-O d6 9. Nf4 a6 10. Be3 Rb8 11. Rc1 Ng4 12. Bd2 b5 13. cxb5 axb5 14. b4 Nd7 15. Bc6 Ba6 16. a4 bxa4 17. Qxa4 Bc8 18.
Bg2 Nge5 19. Ncd5 e6 20. Nc7 Nb6 21. Qa7 Bd7 22. Na6 Rc8 23. Rxc8 Nxc8 24. Qc7 d5 25. e4 Bb5 0-1

[Event "GrandPrix_29.05"]
[Site "Chess.com"]
[Date "2020.05.29"]
[Round "6"]
[White "bernereremit"]
[Black "jncool68"]
[Result "0-1"]
[WhiteElo "2101"]
[BlackElo "2316"]
[TimeControl "600+2"]
[EndTime "11:52:18 PDT"]
[Termination "jncool68 won by resignation"]

1. e4 c5 2. Nc3 d6 3. Nf3 e6 4. d4 cxd4 5. Nxd4 Nf6 6. g4 h6 7. Rg1 e5 8. Nf5 Nc6 9. Be3 Be6 10. Qd2 g6 11. O-O-O gxf5 12. exf5 Bd7 13. h4 h5 14.
f3 hxg4 15. fxg4 Rxh4 16. Be2 Nd4 17. Bxd4 exd4 18. Qxd4 Bh6+ 19. Kb1 Bg5 20. Qxd6 Qb6 21. Qe5+ Kf8 22. Rh1 Re8 23. Qg3 Rxh1 24. Rxh1 Bc6 25. Rd1 Re3 26. Qd6+ Kg7 27. Bd3 Bf3 28. Qxb6 axb6 29.
Rg1 Bxg4 30. Nd5 Nxd5 0-1

[Event "GrandPrix_29.05"]
[Site "Chess.com"]
[Date "2020.05.29"]
[Round "6"]
[White "Koalaskakistis"]
[Black "Grebnev_A"]
[Result "0-1"]
[WhiteElo "2041"]
[BlackElo "2172"]
[TimeControl "600+2"]
[EndTime "11:52:59 PDT"]
[Termination "Grebnev_A won by resignation"]

1. f4 Nf6 2. Nf3 g6 3. g3 Bg7 4. Bg2 O-O 5. O-O d5 6. d3 c5 7. Qe1 d4 8. Na3 Nc6 9. Nc4 Qc7 10. c3 Rd8 11. Bd2 Be6 12. cxd4 cxd4 13. Rc1 Rac8 14.
b4 Bxc4 15. Rxc4 Qb6 16. a4 a6 17. e4 Ng4 18. Bh3 h5 19. Qc1 e6 20. Bxg4 hxg4 21.
Ng5 Ne7 22. e5 Rxc4 23. Qxc4 Rc8 24. Qb3 Nd5 25. Ne4 Bf8 26. Rb1 Kg7 27. Nf2 Bxb4 28.
Bxb4 Nxb4 29. Kg2 a5 30. Nxg4 Rc3 31. Qb2 Qc6+ 32. Kh3 Rc2 33. Qxd4 Qg2+ 34. Kh4 Rc8 35. Nf6 Qxh2+ 36. Kg4 Qe2+ 37. Kg5 Rh8 38. g4 Qh2 0-1

[Event "GrandPrix_29.05"]
[Site "Chess.com"]
[Date "2020.05.29"]
[Round "6"]
[White "kostasam18"]
[Black "Belka1989"]
[Result "1-0"]
[WhiteElo "2069"]
[BlackElo "2059"]
[TimeControl "600+2"]
[EndTime "11:53:17 PDT"]
[Termination "kostasam18 won by resignation"]

1. d4 Nf6 2. c4 e5 3. dxe5 Ng4 4. Bf4 Bb4+ 5. Nd2 Nc6 6. a3 Bxd2+ 7. Qxd2 Ngxe5 8. e3 d6 9. Nf3 O-O 10. Be2 b6 11. Nxe5 Nxe5 12. Bxe5 dxe5 13. Qxd8 Rxd8 14. Bf3 Rb8 15. Rd1 Be6 16. Bd5 Bd7 17. Ke2 c6 18. Be4 f5 19. Bc2 Kf7 20. Rd6 g6 21. Rhd1 Ke7 22. b4 Be8 23. Rxd8 Rxd8 24. Rxd8 Kxd8 25. c5 bxc5 26. bxc5 Bf7 27. Kd3 Ke7 28. f4 Kf6 29. g3 h6 30. h4 g5 31. hxg5+ hxg5 32. Kc3 exf4 33. exf4 gxf4 34. gxf4 Be6 35. Kb4 Bc8 36. Ka5 Ke6 37. Bb3+ Kd7 38. Bc4 Kc7 39. Kb4 Kd7 40. Kc3 Ke7 41. Kd4 Kf6 42. Bd3 Be6 43. Kc3 Bd5 44. Kb4 Be6 45. Ka5 Bc8 46. Ba6 Be6 47. Bb7 Bd5 48. Ka6 Kg6 49.
Bc8 Kh5 50. Bxf5 Kh4 51. Bc8 1-0

[Event "GrandPrix_29.05"]
[Site "Chess.com"]
[Date "2020.05.29"]
[Round "6"]
[White "Bacyanide"]
[Black "hubertsmazak"]
[Result "1-0"]
[WhiteElo "2515"]
[BlackElo "2447"]
[TimeControl "600+2"]
[EndTime "11:54:02 PDT"]
[Termination "Bacyanide won by resignation"]

1. d4 Nf6 2. Nf3 d5 3. Bf4 c5 4. e3 Nc6 5. Nbd2 Qb6 6. dxc5 Qxb2 7. Rb1 Qc3 8. Bb5 e6 9. O-O Be7 10. e4 O-O 11. e5 Nd7 12. Rb3 Qa5 13. Ng5 h6 14.
Qh5 Ncxe5 15. Nxe6 fxe6 16. Bxh6 gxh6 17. Rg3+ Bg5 18.
Qxh6 Qxb5 19. Rxg5+ Kf7 20. Rg7+ Ke8 21. Qxe6+ Kd8 22. Qe7+ Kc7 23. Qxe5+ Kd8 24. Qe7+ Kc7 25. Qxf8 Qc6 26. Qf4+ Kd8 27. Rg8+ 1-0